 Dungeon Crawl Stone Soup version 0.23.2-40-g277498a (webtiles) character file.

Game seed: 1133028114681831812

1894 silentkaos13 the Stinger (level 9, 0/59 HPs)
             Began as an Octopode Venom Mage on Oct 2, 2019.
             Slain by a sky beast (5 damage)
             ... on level 6 of the Dungeon.
             The game lasted 00:18:29 (5466 turns).

silentkaos13 the Stinger (Octopode Venom Mage)      Turns: 5466, Time: 00:18:30

Health: 0/59       AC:  1    Str:  8    XL:     9   Next: 15%
Magic:  15/16      EV: 14    Int: 20    God:
Gold:   353        SH:  0    Dex: 12    Spells: 8/18 levels left

rFire    . . .     SeeInvis +   w - +2 dagger (elec)
rCold    . . .     Gourm    .   (no shield)
rNeg     . . .     Faith    .   (helmet restricted)
rPois    +         Spirit   .   (no amulet)
rElec    .         Reflect  .   j - ring of poison resistance
rCorr    .         Harm     .   q - ring of see invisible
MR       .....                  (no ring)
Stlth    ++++......             (no ring)
HPRegen  0.19/turn              (no ring)
MPRegen  0.15/turn              (no ring)
                                (no ring)
                                (no ring)

@: no status effects
A: almost no armour, stealthy swim, amphibious, 8 rings, constrict 8, camouflage
1, gelatinous body 1
a: no special abilities


You were on level 6 of the Dungeon.
You were not hungry.

You visited 1 branch of the dungeon, and saw 6 of its levels.

You collected 353 gold pieces.

Inventory:

Hand Weapons
 f - a +0 war axe
 i - a +0 dagger
 k - a +0 short sword of flaming
 s - a +0 blowgun
 t - a +0 halberd
 w - a +2 dagger of electrocution (weapon)
Missiles
 u - 2 curare-tipped needles
Jewellery
 e - a +3 amulet of reflection {unknown}
 j - a ring of poison resistance (left tentacle)
 q - a ring of see invisible (right tentacle)
Wands
 p - a wand of iceblast (12)
 v - a wand of flame (10)
Scrolls
 a - a scroll of magic mapping {unknown}
 g - 2 scrolls of teleportation
 l - 2 scrolls of enchant armour {unknown}
 n - 3 scrolls of blinking {unknown}
 o - 2 scrolls of fog {unknown}
 r - 2 scrolls of remove curse {unknown}
 x - a scroll of identify
 y - a scroll of fear {unknown}
 z - a scroll of amnesia {unknown}
Potions
 c - 2 potions of might {unknown}
 d - 3 potions of curing
 h - a potion of brilliance {unknown}
 m - 2 potions of flight {unknown}
 A - a potion of haste {unknown}
Comestibles
 b - 12 rations


   Skills:
 * Level 4.4 Fighting
 - Level 0.9 Short Blades
 + Level 3.1 Dodging
 + Level 6.4 Stealth
 + Level 5.2 Spellcasting
 + Level 1.5 Conjurations
 * Level 5.4 Air Magic
 + Level 7.1 Poison Magic


You had 8 spell levels left.
You knew the following spells:

 Your Spells              Type           Power        Failure   Level  Hunger
a - Sting                 Conj/Pois      ###.         1%          1    None
b - Poisonous Vapours     Pois/Air       ####..       1%          2    None
c - Mephitic Cloud        Conj/Pois/Air  ###.....     4%          3    ##.....
d - Olgreb's Toxic Radia  Pois           ####....     6%          4    ####...

Your spell library contained the following spells:

 Spells                   Type           Power        Failure   Level  Hunger
 Animate Skeleton         Necr           N/A          12%         1    None
 Apportation              Tloc           #.....       12%         1    None
 Confusing Touch          Hex            #.....       12%         1    None
 Summon Small Mammal      Summ           #...         12%         1    None
 Venom Bolt               Conj/Pois      ###.......   47%         5    #####..


Dungeon Overview and Level Annotations

Branches:
Dungeon (6/15)
 Temple: D:4-7

Altars:
Gozag
Qazlal
Ru
Trog
Uskayaw
Vehumet
Wu Jian
Xom

Annotations:
D:5 2 transporters, G1itch's ghost, novice DsGl


Innate Abilities, Weirdness & Mutations

You cannot wear most types of armour.
You are very stealthy in the water. (Stealth+)
You are amphibious.
You can wear up to eight rings at the same time.
You can use your tentacles to constrict eight enemies at once.
Your skin changes colour to match your surroundings (Stealth+).
Your rubbery body absorbs attacks. (AC +1, EV +1)


Message History

The sky beast is severely wounded.
The sky beast hits you. The sky beast shocks you.
You barely miss the sky beast.
The sky beast is severely wounded.
The sky beast barely misses you.
You miss the sky beast.
The sky beast is severely wounded.
The sky beast hits you. The sky beast shocks you.
You hit the sky beast. Your squeeze misses the sky beast.
The sky beast is almost dead.
The sky beast hits you.
* * * LOW HITPOINT WARNING * * *
The sky beast shocks you.
* * * LOW HITPOINT WARNING * * *
The sky beast looks more healthy.
The sky beast flickers out of sight for a moment.
The sky beast hits you.
* * * LOW HITPOINT WARNING * * *
The sky beast shocks you.
You die...

......# ...
.......### #..
........!## ..#
#.........### ..#
............####.#
.#............#..#
####...##.......#
##..###.^Y..## ####
#... ##.@...###
###..# ##..
##.......####...##
##
#....#....#..##..#
.............####.##
#............## ##.#
#............## ###
#....#####....##
..### ##....###
#..#...#


You could see a sky beast (invisible).

Vanquished Creatures
  Pikel (D:4)
  A moth of wrath (D:4)
  Edmund (D:4)
  A sky beast (D:4)
  4 slaves (D:4)
  An ogre (D:5)
  2 centaurs (D:5)
  A water moccasin skeleton (D:5)
  A howler monkey (D:3)
  A hound (D:5)
  2 centaur skeletons
  2 orc priests (D:5)
  2 orc wizards
  Jessica (D:3)
  2 iguanas
  Ijyb (D:3)
  2 worker ants
  A hound zombie (D:5)
  11 gnolls
  5 adders
  An adder zombie (D:5)
  5 worms
  A dart slug (D:3)
  3 leopard geckos
  5 orcs
  A ball python (D:1)
  4 giant cockroaches
  4 hobgoblins
  7 jackals
  8 kobolds
  5 quokkas
  8 bats
  4 frilled lizards
  A giant cockroach zombie (D:5)
  6 goblins
  11 rats
117 creatures vanquished.

Notes
Turn   | Place    | Note
-------+----------+-------------------------------------------
     0 | D:1      | silentkaos13 the Octopode Venom Mage began the quest for
                  | the Orb.
     0 | D:1      | Reached XP level 1. HP: 11/11 MP: 3/3
   112 | D:1      | Found a shimmering altar of Xom.
   396 | D:1      | Reached XP level 2. HP: 17/17 MP: 5/5
   488 | D:1      | Learned a level 2 spell: Poisonous Vapours
   735 | D:2      | Found a stormy altar of Qazlal.
   823 | D:2      | Reached skill level 4 in Poison Magic
   872 | D:2      | Reached XP level 3. HP: 22/22 MP: 6/6
   877 | D:2      | Learned a level 3 spell: Mephitic Cloud
  1166 | D:2      | Found a sacrificial altar of Ru.
  1849 | D:3      | Found an opulent altar of Gozag.
  1890 | D:3      | Reached XP level 4. HP: 27/27 MP: 2/8
  1902 | D:3      | Reached skill level 1 in Air Magic
  2031 | D:3      | Noticed a +0 dagger
  2034 | D:3      | Noticed a +0 hand axe
  2182 | D:3      | Noticed Jessica
  2184 | D:3      | Noticed Ijyb
  2193 | D:3      | Reached XP level 5. HP: 32/32 MP: 2/9
  2431 | D:3      | Killed Jessica
  2431 | D:3      | Reached skill level 1 in Fighting
  2609 | D:3      | Found a hide-covered altar of Uskayaw.
  2722 | D:3      | Killed Ijyb
  2792 | D:3      | Reached XP level 6. HP: 27/38 MP: 7/10
  2936 | D:4      | Noticed Edmund
  2937 | D:4      | Reached skill level 5 in Poison Magic
  2970 | D:4      | Killed Edmund
  3317 | D:4      | Learned a level 4 spell: Olgreb's Toxic Radiance
  3352 | D:4      | Reached XP level 7. HP: 40/45 MP: 11/11
  3736 | D:4      | Noticed Pikel
  3768 | D:4      | Killed Pikel
  3768 | D:4      | Reached skill level 5 in Stealth
  3768 | D:4      | Reached skill level 6 in Poison Magic
  3768 | D:4      | Reached XP level 8. HP: 31/52 MP: 6/14
  4257 | D:4      | Noticed a moth of wrath
  4260 | D:4      | Found a bloodstained altar of Trog.
  4298 | D:4      | Killed a moth of wrath
  4559 | D:5      | Entered Level 5 of the Dungeon
  4579 | D:5      | Reached skill level 5 in Air Magic
  4602 | D:5      | Reached XP level 9. HP: 13/58 MP: 0/16
  4939 | D:5      | Found an ornate altar of the Wu Jian Council.
  4965 | D:5      | Reached skill level 5 in Spellcasting
  5016 | D:5      | Found a radiant altar of Vehumet.
  5160 | D:5      | Found a transporter.
  5161 | D:5      | Noticed G1itch's ghost (novice DsGl)
  5169 | D:5      | Found a transporter.
  5258 | D:5      | Reached skill level 7 in Poison Magic
  5466 | D:6      | Slain by a sky beast

Skill      XL: |  1  2  3  4  5  6  7  8  9 |
---------------+----------------------------+-----
Stealth        | 3 4 5 6 |  6.4
Poison Magic   | 4 5 6 7 |  7.1
Air Magic      | 1 2 3 4 5 |  5.4
Fighting       | 1 2 3 4 |  4.4
Spellcasting   | 3 4 5 |  5.2
Dodging        | 3 |  3.1
Short Blades   | |  0.9
Conjurations   | |  1.5

Action                   |  1- 3 |  4- 6 |  7- 9 || total
-------------------------+-------+-------+-------++-------
Melee: Unarmed           |     3 |       |       ||     3
       Constrict         |    15 |    16 |    18 ||    49
       Tentacles         |     7 |    10 |    11 ||    28
       Dagger            |    37 |    56 |    84 ||   177
 Cast: Sting             |    16 |     4 |     1 ||    21
       Poisonous Vapours |    15 |    22 |    14 ||    51
       Mephitic Cloud    |       |     5 |     1 ||     6
       Olgreb's Toxic Ra |       |       |     7 ||     7
Evoke: Wand              |       |       |     1 ||     1
  Use: Scroll            |       |     4 |     2 ||     6
       Potion            |       |       |     3 ||     3
 Stab: Sleeping          |     5 |       |     6 ||    11
       Confused          |       |     2 |     1 ||     3
  Eat: Chunk             |     1 |     6 |     5 ||    12
       Ration            |     1 |       |     1 ||     2
Armor: Skin              |     6 |     2 |     4 ||    12
Dodge: Dodged            |    32 |    29 |    46 ||   107
